 Dungeon Crawl Stone Soup version 0.26.1-11-gd32895ea62 (webtiles) character file.

Game seed: 11630466462871413027

1350 Gwenloh the Purveyor of Pain (level 8, -2/52 HPs)
             Began as a Mummy Necromancer on May 12, 2021.
             Was an Initiate of Kikubaaqudgha.
             Slain by a hound (5 damage)
             ... on level 7 of the Dungeon.
             The game lasted 00:27:38 (6784 turns).

Gwenloh the Purveyor of Pain (Mummy Necromancer)    Turns: 6784, Time: 00:27:39

Health: -2/52      AC:  5    Str: 11    XL:     8   Next: 36%
Magic:  12/12      EV: 12    Int: 17    God:    Kikubaaqudgha [......]
Gold:   279        SH:  0    Dex: 12    Spells: 2/12 levels left

rFire    x . .     SeeInvis .   p - +1 spear (venom)
rCold    + . .     Faith    .   (no shield)
rNeg     + + +     Spirit   .   a - +0 robe
rPois    ∞         Reflect  .   o - +0 helmet
rElec    .         Harm     .   i - +0 cloak
rCorr    .         Rampage  .   v - +0 pair of gloves
Will     +....                  (no boots)
Stlth    ++........             x - amulet of regeneration
HPRegen  0.57/turn              (no ring)
MPRegen  0.13/turn              (no ring)

@: no status effects
A: no potions, fire vulnerability, cold resistance 1, negative energy resistance
3, torment resistance, unbreathing
a: Renounce Religion


You were on level 7 of the Dungeon.
You worshipped Kikubaaqudgha.
Kikubaaqudgha was noncommittal.
You visited 1 branch of the dungeon, and saw 7 of its levels.

You collected 279 gold pieces.

Inventory:

Hand Weapons
 c - a +0 club
 h - a +0 dagger
 p - a +1 spear of venom (weapon)
Missiles
 m - 157 stones
 r - 6 boomerangs
 t - 2 throwing nets
 w - 5 atropa-tipped darts (quivered)
Armour
 a - a +0 robe (worn)
 i - a +0 cloak (worn)
 o - a +0 helmet (worn)
 v - a +0 pair of gloves (worn)
Jewellery
 x - an amulet of regeneration (around neck)
Wands
 g - a wand of polymorph (9)
 y - a wand of flame (21)
 z - a wand of random effects (14)
Scrolls
 d - 2 scrolls of amnesia
 e - 3 scrolls of blinking
 f - 2 scrolls of fear
 j - 2 scrolls of remove curse
 k - 2 scrolls of fog {unknown}
 l - 2 scrolls of enchant weapon {unknown}
 n - 3 scrolls of teleportation
 q - a scroll of noise {unknown}
 s - 3 scrolls of immolation
 u - 3 scrolls of magic mapping


   Skills:
 - Level 1.5 Dodging
 - Level 1.5 Stealth
 - Level 2.6 Spellcasting
 * Level 9.6 Necromancy
 + Level 4.3 Evocations


You had 2 spell levels left.
You knew the following spells:

 Your Spells              Type           Power        Failure   Level
a - Pain                  Necr           100%         1%          1
b - Vampiric Draining     Necr           17%          1%          3
c - Corpse Rot            Necr/Air       N/A          3%          2
d - Animate Dead          Necr           17%          3%          4

Your spell library contained the following spells:

 Spells                   Type           Power        Failure   Level
 Animate Skeleton         Necr           70%          1%          1
 Agony                    Necr           35%          10%         5


Dungeon Overview and Level Annotations

Branches:
Dungeon (7/15)
 Temple: D:4-7

Altars:
Fedhas
Kikubaaqudgha
Yredelemnul

Shops:
D:6 *!([!


Innate Abilities, Weirdness & Mutations

You do not drink.
Your flesh is vulnerable to fire.
You are immune to poison.
Your flesh is cold resistant. (rC+)
You are immune to negative energy. (rN+++)
You are immune to unholy pain and torment.
You can survive without breathing.


Message History

The hound bites you.
The quokka zombie bites you but does no damage.
The water moccasin bites you.
You miss the water moccasin.
The water moccasin is moderately wounded.
The hound misses you. The water moccasin misses you.
The quokka zombie misses you.
The green ugly thing closely misses you.
The hound bites you.
You hit the water moccasin but do no damage.
The water moccasin is moderately wounded.
The water moccasin bites you. The quokka zombie barely misses you.
The hound bites you. The water moccasin barely misses you.
The green ugly thing barely misses you. The hound misses you.
The water moccasin bites you. The quokka zombie barely misses you.
The green ugly thing claws you!
* * * LOW HITPOINT WARNING * * *
The hound bites you.
You die...
Kikubaaqudgha rasps: "You have failed me!
Welcome... oblivion!"

.. #. #.. #. ##
....#. .#
#...#(# .# ##
#....(. .##..
#...... ...
#...#S# #h@.#
......uZ.......
_..#.#...##..##
. # #.?.# .#
..... (#...#.
....... # ##..#
.


You could see a green ugly thing, a water moccasin, a hound and a quokka zombie.

Vanquished Creatures
  Edmund (D:5)
  A sky beast (D:6)
  A phantom (D:5)
  An ogre (D:6)
  A centaur (D:6)
  2 bullfrogs (D:6)
  Blork the orc (D:5)
  2 howler monkeys (D:5)
  2 orc priests (D:4)
  A bullfrog skeleton (D:4)
  A hound (D:5)
  A centaur skeleton (D:4)
  2 orc wizards (D:5)
  6 worker ants
  A howler monkey zombie (D:6)
  Robin (D:2)
  4 gnolls (D:3)
  9 adders
  An ooze (D:5)
  An adder skeleton (D:5)
  5 worms
  2 dart slugs
  5 leopard geckos
  16 orcs
  7 giant cockroaches
  10 goblins
  13 hobgoblins
  8 jackals
  2 quokkas
  2 bats (D:3)
  6 frilled lizards
  5 kobolds
  A quokka skeleton (D:4)
  7 rats
129 creatures vanquished.

Vanquished Creatures (collateral kills)
  A goblin (D:2)
1 creature vanquished.

Vanquished Creatures (others)
  5 plants (D:5)
  3 withered plants (D:5)
8 creatures vanquished.

Grand Total: 138 creatures vanquished

Notes
Turn   | Place    | Note
-------+----------+-------------------------------------------
     0 | D:1      | Gwenloh the Mummy Necromancer began the quest for the Orb.
     0 | D:1      | Reached XP level 1. HP: 13/13 MP: 4/4
   171 | D:1      | Reached XP level 2. HP: 19/19 MP: 2/5
   805 | D:1      | Reached skill level 5 in Necromancy
   816 | D:1      | Reached XP level 3. HP: 24/24 MP: 0/7
  1199 | D:1      | Learned a level 3 spell: Vampiric Draining
  1352 | D:2      | Reached XP level 4. HP: 30/30 MP: 4/8
  1368 | D:2      | Learned a level 4 spell: Animate Dead
  1621 | D:2      | Noticed Robin
  1634 | D:2      | Killed Robin
  2179 | D:3      | Reached skill level 1 in Evocations
  2215 | D:3      | Reached skill level 6 in Necromancy
  2610 | D:3      | Reached XP level 5. HP: 35/35 MP: 3/9
  3983 | D:4      | Reached XP level 6. HP: 41/41 MP: 10/10
  4106 | D:4      | Reached skill level 7 in Necromancy
  4340 | D:5      | Entered Level 5 of the Dungeon
  4531 | D:5      | Reached XP level 7. HP: 45/46 MP: 4/11
  4680 | D:5      | Noticed Blork the orc
  4690 | D:5      | Killed Blork the orc
  4774 | D:5      | Found an ancient bone altar of Kikubaaqudgha.
  4775 | D:5      | Found a blossoming altar of Fedhas.
  4781 | D:5      | Became a worshipper of Kikubaaqudgha
  4804 | D:5      | Reached skill level 8 in Necromancy
  5702 | D:6      | Found Eviaph's Armour Emporium.
  5751 | D:6      | Found Ikas's Distillery.
  5883 | D:6      | Found Egegh's Weapon Shop.
  5919 | D:6      | Found Xaqie's Lightly-Used Armoury.
  6027 | D:6      | Found Tiapur's Distillery.
  6084 | D:6      | Noticed Edmund
  6140 | D:5      | Killed Edmund
  6141 | D:5      | Reached skill level 9 in Necromancy
  6141 | D:5      | Reached XP level 8. HP: 26/52 MP: 0/12
  6326 | D:6      | Reached * piety under Kikubaaqudgha
  6326 | D:6      | Identified Kikubaaqudgha's Reference Book on Sinister Rites
                  | (Kikubaaqudgha gifted it to you on level 6 of the Dungeon)
  6326 | D:6      | Received a gift from Kikubaaqudgha
  6331 | D:6      | Learned a level 2 spell: Corpse Rot
  6775 | D:7      | Found a basalt altar of Yredelemnul.
  6775 | D:7      | Noticed a green ugly thing
  6784 | D:7      | Slain by a hound

Illustrated notes

Levels and vault maps discovered:
D:1:      mrwooster_arrival_arrow, layout_basic
D:2:      layout_rooms, uniq_robin
D:3:      layout_loops_ring, grunt_ministairs_6
D:4:      layout_rooms, minmay_misc_feat_x
D:5:      layout_cave_pools, grunt_temple_overflow_growth_and_decay,
          minmay_between, uniq_blork_the_orc
D:6:      layout_basic, serial_shops, nicolae_shop_trees, shop_statue,
          kennysheep_little_box, nicolae_shop_statue_plus, minmay_shop_damaged,
          kennysheep_generic_room_13, uniq_edmund
D:7:      layout_basic, minmay_temple_entry_crystal_x, enter_bailey_7,
          hangedman_feature_mirror, lemuel_old_faithful

Skill      XL: |  1  2  3  4  5  6  7  8 |
---------------+-------------------------+-----
Necromancy     | 5 6 7 9 |  9.6
Evocations     | 1 2 3 4 |  4.3
Dodging        | |  1.5
Stealth        | |  1.5
Spellcasting   | |  2.6

Action                   |  1- 3 |  4- 6 |  7- 9 || total
-------------------------+-------+-------+-------++-------
Melee: Club              |     9 |       |       ||     9
       Spear             |       |    34 |    56 ||    90
       Dagger            |       |     1 |       ||     1
Throw: Stone             |       |    27 |       ||    27
       Dart              |       |     2 |     3 ||     5
 Cast: Pain              |    64 |   120 |    77 ||   261
       Vampiric Draining |     1 |     3 |    12 ||    16
       Animate Dead      |       |     1 |       ||     1
       Corpse Rot        |       |       |     2 ||     2
Invok: Receive Corpses   |       |       |     1 ||     1
Evoke: Wand              |       |    16 |     7 ||    23
  Use: Scroll            |       |       |     8 ||     8
 Stab: Sleeping          |       |       |     2 ||     2
Armor: Robe              |     4 |    13 |    22 ||    39
Dodge: Dodged            |    12 |    16 |    76 ||   104
